 Dungeon Crawl Stone Soup version 0.29-a0-520-gc852659d43 (webtiles) character file.

Game seed: 4476484429785591813

655 hquester1 the Sneak (level 7, 0/36 HPs)
             Began as a Spriggan Hunter on May 31, 2022.
             Killed by divine providence
             ... invoked by an orc priest
              (13 damage)
             ... on level 4 of the Dungeon.
             The game lasted 00:19:40 (3568 turns).

hquester1 the Sneak (Spriggan Hunter)               Turns: 3568, Time: 00:19:41

Health: 0/36       AC:  4    Str:  7    XL:     7   Next: 29%
Magic:  8/8        EV: 20    Int: 11    God:
Gold:   272        SH:  0    Dex: 20    Spells: 6/6 levels left

rFire   . . .      SeeInvis +   a - +1 hand crossbow
rCold   . . .      Faith    .   (no shield)
rNeg    . . .      Spirit   .   b - +0 robe
rPois   .          Reflect  .   (helmet restricted)
rElec   .          Harm     .   e - +1 cloak
rCorr   .          Rampage  .   (gloves unavailable)
Will    +....                   (boots unavailable)
Stlth   +++.......              (no amulet)
HPRegen 0.12/turn               (no ring)
MPRegen 0.11/turn               (no ring)

@: very quick
A: very small, no large weapons, unfitting armour, see invisible, speed 3
a: no special abilities


You were on level 4 of the Dungeon.
You visited 1 branch of the dungeon, and saw 5 of its levels.

You collected 272 gold pieces.

Inventory:

Hand Weapons
 a - a +1 hand crossbow (weapon)
Armour
 b - a +0 robe (worn)
 e - a +1 cloak (worn)
Jewellery
 p - the ring of Ruonah {rElec rCorr Str-3 Int+2 SInv}
   (You found it on level 3 of the Dungeon)

   [ring of see invisible]

   Str:       It affects your strength (-3).
   Int:       It affects your intelligence (+2).
   rElec:     It insulates you from electricity.
   SInv:      It lets you see invisible.
   rCorr:     It protects you from acid and corrosion.
 q - a ring of protection from fire
Wands
 h - a wand of acid (7)
Scrolls
 c - a scroll of immolation
 i - a scroll of noise
 j - 2 scrolls of fog
 l - 2 scrolls of teleportation
 o - 3 scrolls of identify
 r - 2 scrolls of enchant armour
 s - a scroll of amnesia {unknown}
Potions
 d - a potion of haste
 f - a potion of lignification {unknown}
 g - a potion of curing {unknown}
 k - a potion of flight {unknown}
 m - a potion of cancellation {unknown}
 n - a potion of heal wounds {unknown}


   Skills:
 + Level 3.3 Fighting
 + Level 5.3 Crossbows
 + Level 5.4 Dodging
 + Level 5.7 Stealth
 + Level 3.9 Evocations


You had 6 spell levels left.
You didn't know any spells.
Your spell library contained the following spells:

 Spells                   Type           Power      Damage    Failure   Level
 Magic Dart               Conj           0%         1d3       34%         1
 Call Imp                 Summ           0%         N/A       47%         2
 Mephitic Cloud           Conj/Pois/Air  0%         N/A       71%         3


Dungeon Overview and Level Annotations

Branches:
Dungeon (5/15)
 Temple: D:4-7

Altars:
Nemelex Xobeh
Okawaru
Trog

Shops:
D:3 [


Innate Abilities, Weirdness & Mutations

You are very small and have problems with some larger weapons.
You are too small for most types of armour.
You have supernaturally acute eyesight. (SInv)
You cover ground extremely quickly. (Speed+++)


Message History

Shoot: a) +1 hand crossbow
Press: ? - help, Q - select action, (/) - cycle Shift-Dir - straight line, f/p - orc priest
Aim: an orc priest, wielding a +0 club and wearing a +0 scale mail (severely wounded, 70% to hit)
You shoot a bolt. The bolt barely misses the orc priest.
Shoot: a) +1 hand crossbow
Press: ? - help, Q - select action, (/) - cycle Shift-Dir - straight line, f/p - orc priest
Aim: an orc priest, wielding a +0 club and wearing a +0 scale mail (severely wounded, 70% to hit)
You shoot a bolt. The bolt barely misses the orc priest.
The orc priest mumbles some strange prayers to Beogh against you.
Pain shoots through your body!
The orc priest invokes the aid of Beogh against you.
Beogh smites you!
An orc comes into view. It is wielding a +0 flail.
Shoot: a) +1 hand crossbow
Press: ? - help, Q - select action, (/) - cycle Shift-Dir - straight line, f/p - orc priest
Aim: an orc priest, wielding a +0 club and wearing a +0 scale mail (severely wounded, 70% to hit)
You shoot a bolt. The bolt barely misses the orc priest.
Shoot: a) +1 hand crossbow
Press: ? - help, Q - select action, (/) - cycle Shift-Dir - straight line, f/p - orc priest
Aim: an orc priest, wielding a +0 club and wearing a +0 scale mail (severely wounded, 70% to hit)
You shoot a bolt. The bolt closely misses the orc priest.
The bolt hits the orc.
The orc is almost dead.
Shoot: a) +1 hand crossbow
Press: ? - help, Q - select action, (/) - cycle Shift-Dir - straight line, f/p - orc priest
Aim: an orc priest, wielding a +0 club and wearing a +0 scale mail (severely wounded, 70% to hit)
You shoot a bolt. The bolt barely misses the orc priest.
Shoot: a) +1 hand crossbow
Press: ? - help, Q - select action, (/) - cycle Shift-Dir - straight line, f/p - orc priest
Aim: an orc priest, wielding a +0 club and wearing a +0 scale mail (severely wounded, 70% to hit)
You shoot a bolt. The bolt hits the orc priest.
The orc priest is severely wounded.
Shoot: a) +1 hand crossbow
Press: ? - help, Q - select action, (/) - cycle Shift-Dir - straight line, f/p - orc priest
Aim: an orc priest, wielding a +0 club and wearing a +0 scale mail (severely wounded, 70% to hit)
You shoot a bolt. The bolt barely misses the orc priest.
The bolt hits the orc.
You kill the orc!
The orc priest calls down the wrath of Beogh upon you.
Beogh smites you!
You die...

#................
#.#.#.....###.##.
#.#.##...###...#.
.....##.###......
##.##. ### ##...##
#.# .# ##.### ##.##.#
#.# # #..##.# #.# #
#@# #.# ##+### # #.#
#.# ##...##
#.##.###.# ##.....#
#...o....# ##.......
####.#...####........
#........'........
#.#...####........
#)##.## ##.......
#.#### ##.#####


You could see an orc priest.

Vanquished Creatures
  Eustachio (D:4)
  An ogre (D:4)
  A phantom (D:4)
  A scorpion (D:4)
  A hound (D:4)
  2 iguanas
  4 orc wizards (D:4)
  4 adders
  A worm (D:4)
  A dart slug (D:1)
  5 orcs
  7 endoplasms
  2 giant cockroaches
  8 hobgoblins
  3 jackals (D:4)
  6 quokkas
  7 ball pythons
  5 bats
  2 frilled lizards
  5 goblins
  6 kobolds
  4 rats
77 creatures vanquished.

Vanquished Creatures (others)
  6 fungi
6 creatures vanquished.

Grand Total: 83 creatures vanquished

Notes
Turn   | Place    | Note
-------+----------+-------------------------------------------
     0 | D:1      | hquester1 the Spriggan Hunter began the quest for the Orb.
     0 | D:1      | Reached XP level 1. HP: 10/10 MP: 2/2
   280 | D:1      | Reached XP level 2. HP: 15/15 MP: 3/3
   657 | D:2      | Reached XP level 3. HP: 18/18 MP: 4/4
  1038 | D:2      | Found a faded altar of an unknown god.
  1353 | D:2      | Reached skill level 1 in Evocations
  1353 | D:2      | Reached XP level 4. HP: 23/23 MP: 5/5
  1367 | D:3      | Found Atewib's Antique Armour Boutique.
  1682 | D:3      | Identified the ring of Ruonah {rElec rCorr Str-3 Int+2
                  | SInv}
  1865 | D:3      | Found an iron altar of Okawaru.
  1865 | D:3      | Found a sparkling altar of Nemelex Xobeh.
  2243 | D:3      | Reached XP level 5. HP: 11/27 MP: 6/6
  2523 | D:4      | Found a bloodstained altar of Trog.
  2832 | D:4      | Noticed a phantom
  2873 | D:4      | Killed a phantom
  2874 | D:4      | Reached XP level 6. HP: 32/32 MP: 7/7
  2893 | D:5      | Entered Level 5 of the Dungeon
  2966 | D:4      | Reached skill level 5 in Crossbows
  2972 | D:4      | Reached skill level 5 in Stealth
  3031 | D:4      | Reached skill level 5 in Dodging
  3193 | D:4      | Noticed Eustachio
  3263 | D:4      | Killed Eustachio
  3264 | D:4      | Reached XP level 7. HP: 19/36 MP: 8/8
  3568 | D:4      | Killed from afar by an orc priest

Illustrated notes

Levels and vault maps discovered:
D:1:      amcnicky_arrival_blooded_trapdoor, layout_basic
D:2:      layout_basic, dreamdust_ecumenical_altar_hidden_monk_grotto
D:3:      layout_rooms, gammafunk_temple_overflow_pools, serial_shops,
          shop_coins, roderic_lattice_a
D:4:      layout_loops_corners, lemuel_round_altar, serial_aquarium,
          aquarium_bridge_straight [aquarium_subvault_bridge,
          aquarium_subvault_wall, aquarium_subvault_bridge,
          aquarium_subvault_window], aquarium_window_1, aquarium_window_fake,
          aquarium_window_corridor_1, aquarium_window_1, aquarium_view_2d,
          aquarium_view_2e, dk_noncrumbling_2, uniq_eustachio
D:5:      layout_cave_pools, minmay_temple_entry_wispy,
          chequers_serial_rivers_small_b, goddamned_bats

Skill      XL: |  1  2  3  4  5  6 |
---------------+-------------------+-----
Stealth        | 2 3 4 5 |  5.7
Dodging        | 3 4 5 |  5.4
Fighting       | 2 3 |  3.3
Evocations     | 1 2 3 |  3.9
Crossbows      | 5 |  5.3

Action                   |  1- 3 |  4- 6 |  7- 9 || total
-------------------------+-------+-------+-------++-------
 Fire: Hand crossbow     |   102 |   160 |    18 ||   280
  Use: Scroll            |     1 |     5 |       ||     6
Armor: Robe              |     4 |    12 |       ||    16
Dodge: Dodged            |    27 |    42 |       ||    69

Table legend: (Time is in decaauts)
 A = Elapsed time spent in this place.
 B = Non-inter-level travel time spent in this place.
 C = Inter-level travel time spent in this place.
 D = Time resting spent in this place.
 E = Time spent auto-exploring this place.
 F = Levels seen in this place.
 G = Mean time per level.
                   A        B        C        D        E       F      G
               +--------+--------+--------+--------+--------+-----+--------+
         Total |   2617 |   2527 |     90 |    149 |   1633 |   5 |  523.4 |
       Dungeon |   2617 |   2527 |     90 |    149 |   1633 |   5 |  523.4 |
               +--------+--------+--------+--------+--------+-----+--------+

Top non-repeatable levels by time:
     D:4: 1063 daAuts
     D:3: 625 daAuts
     D:2: 549 daAuts
     D:1: 377 daAuts
     D:5: 1 daAuts
